AoeStats
← Burrito

Arabian Desert

508495616Analyzed
1v1 RM · 10d ago on Sep 22, 2026· 60m 23s· 2 players
Game mode
Random Map
Map size
Tiny (2 player)
Population
200
Speed
Normal
Resources
Standard
Victory
Conquest
Starting age
Dark Age
Ending age
Imperial Age
RankedLock teamsTeams togetherTeam positionsShared explorationLock speedFull tech treeHidden civsTurbo modeCheats
Victory
Defeat
🇩🇪 Persians · Germany
879
+18
🇳🇱 Franks · Netherlands
914
-18
blablaxx
6:48 Loom
9:12 Feudal Age
9:58 Double-Bit Axe
12:13 Horse Collar
13:43 Wheelbarrow
12:40 Man-at-Arms
15:00 Town Watch
21:40 Castle Age
21:32 Pikeman
22:12 Squires
22:46 Bow Saw
27:45 Forging
27:40 Scale Barding Armor
29:15 Iron Casting
30:00 Chain Barding Armor
30:19 Husbandry
30:30 Bloodlines
37:19 Light Cavalry
44:30 Imperial Age
42:07 Kamandaran
42:44 Scale Mail Armor
43:18 Hand Cart
43:04 Town Patrol
45:41 Cavalier
46:49 Onager
47:49 Long Swordsman
48:15 Gambesons
50:08 Chain Mail Armor
50:54 Blast Furnace
54:37 Chemistry
54:32 Halberdier
56:44 Savar
Burrito
11:23 Feudal Age
12:57 Double-Bit Axe
13:06 Gold Mining
18:26 Scale Barding Armor
27:09 Castle Age
25:33 Forging
25:15 Fletching
26:19 Loom
27:56 Light Cavalry
28:37 Husbandry
34:35 Chain Barding Armor
35:07 Wheelbarrow
34:23 Town Watch
37:39 Scale Mail Armor
37:51 Pikeman
41:56 Chain Mail Armor
42:55 Squires
44:49 Murder Holes
45:16 Ballistics
46:28 Iron Casting
51:45 Gold Shaft Mining
53:25 Bodkin Arrow
57:06 Hand Cart
57:32 Masonry
Connection lost

Rejoining the realm…

Still unreachable

The connection could not be restored.

Session expired

The server has moved on; the page needs a fresh start.